 Dungeon Crawl Stone Soup version 0.20.1-1-g8b1a95d (webtiles) character file.

377 NoNouf the Skirmisher (level 7, -6/56 HPs)
             Began as a Human Assassin on Aug 11, 2017.
             Mangled by an ogre
             ... wielding a +0 giant club
              (18 damage)
             ... on level 3 of the Dungeon on Aug 12, 2017.
             The game lasted 00:24:49 (3392 turns).

NoNouf the Skirmisher (Human Assassin)              Turns: 3392, Time: 00:24:50

Health: -6/56      AC:  2    Str: 13    XL:     7   Next: 4%
Magic:  7/7        EV: 14    Int: 12    God:
Gold:   163        SH:  0    Dex: 14    Spells: 6/6 levels left

rFire    . . .     SeeInvis .   b - +0 blowgun
rCold    . . .     Gourm    .   (no shield)
rNeg     . . .     Faith    .   v - -1 robe (curse)
rPois    .         Spirit   .   (no helmet)
rElec    .         Reflect  .   d - +0 cloak
rCorr    .         Harm     .   (no gloves)
MR       .....                  (no boots)
Stlth    +++.......             (no amulet)
Regen    0.2/turn               (no ring)
MPRegen  0.1/turn               (no ring)

@: no status effects
A: no striking features
a: no special abilities


You were on level 3 of the Dungeon.
You were not hungry.

You visited 1 branch of the dungeon, and saw 4 of its levels.

You collected 163 gold pieces.

Inventory:

Hand Weapons
 a - a +2 dagger
 b - a +0 blowgun (weapon)
 s - a +2 hand axe of electrocution
 z - a +2 dagger of venom
Missiles
 e - 25 poisoned needles
 f - a curare-tipped needle (quivered)
 k - 22 arrows
 m - 65 stones
Armour
 c - a +0 robe
 d - a +0 cloak (worn)
 v - a cursed -1 robe (worn)
Jewellery
 w - an uncursed ring of protection from magic {unknown}
 x - a +3 amulet of reflection {unknown}
Scrolls
 i - a scroll of teleportation
 o - 3 scrolls of amnesia
 r - a scroll of magic mapping
Potions
 j - a potion of magic {unknown}
 l - a potion of heal wounds {unknown}
 n - 2 potions of haste {unknown}
 p - a potion of curing {unknown}
 q - a potion of berserk rage {unknown}
Comestibles
 g - 2 bread rations
 h - 3 royal jellies
 u - a meat ration


   Skills:
 + Level 5.4 Fighting
 - Level 2.0 Short Blades
 - Level 2.0 Throwing
 + Level 4.3 Dodging
 - Level 4.0 Stealth


You had 6 spell levels left.
You didn't know any spells.

Dungeon Overview and Level Annotations

Branches:
Dungeon (4/15)
 Temple: D:4-7

Altars:
Zin


Message History

Press: ? - help, Shift-Dir - straight line, f - ogre
Aim: an ogre, wielding a giant club You shoot a poisoned needle.
The poisoned needle barely misses the ogre.
The ogre hits you with a giant club!!
Firing (i - inventory. (,) - cycle):
e - 26 poisoned needles (quivered)
Press: ? - help, Shift-Dir - straight line, f/p - ogre
Aim: an ogre, wielding a giant club You shoot a poisoned needle.
The poisoned needle hits the ogre.
The ogre is poisoned.
The ogre hits you with a giant club!!
* * * LOW HITPOINT WARNING * * *
Quiver which item? (- for none, * to show all) (? for menu, Esc to quit)
Quivering
f - 2 curare-tipped needles for blowguns.
Firing (i - inventory. (,) - cycle):
f - 2 curare-tipped needles (quivered)
Press: ? - help, Shift-Dir - straight line, f/p - ogre
Aim: an ogre, wielding a giant club (lightly wounded, poisoned)
You shoot a curare-tipped needle.
The curare-tipped needle barely misses the ogre.
The ogre hits you with a giant club!!
You die...

###.##.##...###.##### ######
....................# #.....
#......####.###.###.# #>####
##...#.# #.# #.# #.# #.# ###.##.#
#.###.# #<# #.# .......#
##.#(..###.# #.# ###.####
#........#.# #.# ##+##
#..#>#O#.#.# #####.# ##...##
#..#..#@.#.# #.....# #.....##
#....###...# #.#####
.......###.#.## ##.## #.##.## #
........##.#.(###.######.#...####
........'....>(#................'
........##........######......###
.......######.#.### ####...# #
#.....## ###.# ##.## ##...## #.#
#.####


You could see an ogre.

Vanquished Creatures
  Sigmund (D:2)
  A bullfrog zombie (D:4)
  A hound (D:3)
  An orc priest (D:3)
  4 adders
  An ooze (D:2)
  An adder zombie (D:4)
  2 worms (D:2)
  2 dart slugs (D:1)
  2 leopard geckos
  2 orcs (D:3)
  6 giant cockroaches
  5 goblins
  10 hobgoblins
  4 jackals
  4 quokkas
  A ball python (D:1)
  A ball python skeleton (D:3)
  5 bats
  4 frilled lizards
  6 kobolds
  A leopard gecko skeleton (D:4)
  A leopard gecko zombie (D:4)
  9 rats
75 creatures vanquished.

Notes
Turn   | Place    | Note
-------+----------+-------------------------------------------
     0 | D:1      | NoNouf the Human Assassin began the quest for the Orb.
     0 | D:1      | Reached XP level 1. HP: 16/16 MP: 1/1
   257 | D:1      | Reached XP level 2. HP: 15/23 MP: 2/2
   489 | D:1      | Reached skill level 3 in Fighting
   499 | D:1      | Reached XP level 3. HP: 24/29 MP: 3/3
  1257 | D:2      | Reached XP level 4. HP: 27/35 MP: 4/4
  1767 | D:2      | Noticed Sigmund
  1788 | D:2      | Killed Sigmund
  1788 | D:2      | Reached skill level 4 in Fighting
  1788 | D:2      | Reached XP level 5. HP: 20/43 MP: 5/5
  1788 | D:2      | Reached XP level 6. HP: 23/50 MP: 6/6
  2177 | D:3      | Reached skill level 5 in Fighting
  2405 | D:3      | Found a glowing silver altar of Zin.
  3146 | D:4      | Reached XP level 7. HP: 31/56 MP: 7/7
  3392 | D:3      | Mangled by an ogre

Skill      XL: |  1  2  3  4  5  6 |
---------------+-------------------+-----
Fighting       | 3 4 5 |  5.4
Dodging        | 2 3 4 |  4.3
Short Blades   | |  2.0
Throwing       | |  2.0
Stealth        | |  4.0

Action                   |  1- 3 |  4- 6 |  7- 9 || total
-------------------------+-------+-------+-------++-------
Melee: Dagger            |   119 |   194 |     6 ||   319
 Fire: Blowgun           |     4 |    19 |     3 ||    26
Throw: Stone             |     3 |     6 |       ||     9
  Use: Scroll            |     2 |     1 |     2 ||     5
 Stab: Sleeping          |     3 |     8 |       ||    11
  Eat: Chunk             |       |     7 |     1 ||     8
Armor: Robe              |    27 |    22 |       ||    49
Dodge: Dodged            |    53 |   108 |     5 ||   166
